Map: Submarine LE

Players

Reynor

  • Race: Zerg Zerg
  • Spawn Location: 5:00

Serral - Winner!

  • Race: Zerg Zerg
  • League: Master
  • Spawn Location: 11:00

Event: DreamHack SC2 Masters 2020 Summer Europe

VOD

Have the link to the VOD?

Description

Time

  • Played on: July 10, 2020, 1:45 p.m.
  • Length: 10:36

All games in this series

Show
View Real Time Build Order
Export as new Build Order

Reynor Zerg 

Build Orders: 3 Hatch before Pool, Zergling Baneling 

Get SALT Encoding   

  12  0:01  Drone  
  13  0:12  Overlord  
  13  0:16  Drone  
  14  0:30  Drone x2  
  16  0:36  Drone  
  17  0:53  Hatchery  
  17  0:54  Drone  
  17  0:56  Drone  
  18  1:16  Hatchery  
  17  1:20  Drone  
  17  1:21  Extractor  
  17  1:34  Spawning Pool  
  17  1:37  Drone  
  17  1:40  Drone  
  17  1:43  Drone  
  19  1:49  Drone  
  20  2:00  Drone  
  21  2:05  Drone  
  22  2:11  Drone  
  23  2:21  Zergling x4  
  23  2:22  Queen  
  27  2:25  Metabolic Boost  
  27  2:27  Drone  
  28  2:33  Zergling x4  
  30  2:37  Queen  
  30  2:42  Overlord  
  32  2:45  Drone  
  32  2:48  Drone  
  34  3:00  Drone x2  
  34  3:01  Drone  
  34  3:02  Drone x2  
  39  3:06  Baneling Nest  
  39  3:09  Drone  
  39  3:13  Overlord  
  39  3:15  Drone  
  40  3:21  Queen  
  42  3:31  Drone  
  42  3:33  Zergling x10  
  47  3:37  Overlord  
  47  3:40  Zergling x2  
  47  3:41  Zergling x2  
  49  3:43  Drone  
  50  3:51  Baneling x2  
  50  3:52  Overlord  
  50  3:58  Zergling x6  
  50  3:59  Zergling x2  
  50  4:01  Drone  
  55  4:02  Baneling x2  
  55  4:03  Baneling x2  
  55  4:07  Drone x2  
  55  4:08  Drone  
  57  4:11  Overlord  
  57  4:15  Zergling x6  
  58  4:20  Zergling x4  
  58  4:21  Zergling x2  
  58  4:22  Zergling x2  
  61  4:28  Zergling x6  
  61  4:40  Zergling x6  
  63  4:46  Baneling x4  
  63  4:47  Baneling  
  63  4:50  Drone x3, Extractor  
  63  4:51  Roach Warren, Extractor  
  62  4:55  Drone x3  
  62  4:57  Overlord  
  62  4:59  Drone x2  
  62  5:05  Overlord  
  60  5:12  Drone x5  
  60  5:13  Drone  
  64  5:23  Overlord  
  64  5:31  Roach x7  
  64  5:32  Roach  
  64  5:35  Roach  
  81  5:37  Roach  
  81  5:42  Roach, Extractor  
  84  5:45  Roach  
  84  5:47  Zergling x8  
  90  5:51  Overlord  
  90  5:52  Roach  
  90  5:53  Roach  
  90  5:56  Zergling x4  
  96  5:57  Zergling x2  
  96  5:59  Ravager  
  98  6:10  Zergling x10  
  98  6:11  Ravager  
  104  6:12  Overlord  
  103  6:19  Ravager  
  103  6:20  Zergling x4  
  103  6:23  Overlord  
  105  6:29  Baneling x2  
  105  6:30  Baneling x3  
  105  6:35  Roach x4  
  105  6:38  Zergling x2  
  105  6:39  Zergling x2  
  100  6:41  Roach, Zergling x6  
  100  6:44  Zergling x6  
  100  6:46  Roach  
  105  6:51  Zergling x4  
  101  6:56  Lair  
  101  6:57  Zergling x2  
  101  6:58  Roach, Zergling x2  
  102  7:01  Zergling x4  
  102  7:04  Ravager  
  102  7:05  Ravager  
  102  7:07  Drone x3  
  107  7:09  Drone  
  107  7:13  Drone x3  
  107  7:15  Ravager  
  111  7:23  Roach  
  111  7:24  Roach x3  
  111  7:28  Drone x2  
  121  7:30  Overlord  
  121  7:33  Roach x2  
  121  7:36  Roach  
  114  7:39  Drone  
  114  7:40  Drone x2  
  114  7:42  Drone x2  
  113  7:49  Roach x2, Zergling x4  
  104  7:53  Glial Reconstitution  
  104  7:55  Roach x2  
  102  7:58  Drone  
  102  7:59  Drone, Extractor x2  
  102  8:04  Drone  
  103  8:06  Spire  
  103  8:07  Roach  
  103  8:10  Roach  
  106  8:15  Roach  
  106  8:17  Roach  
  110  8:20  Roach  
  110  8:23  Roach x3  
  110  8:25  Drone x2  
  110  8:26  Drone  
  121  8:28  Evolution Chamber  
  121  8:29  Roach x2  
  121  8:30  Overlord  
  124  8:34  Overlord  
  124  8:35  Roach  
  124  8:38  Drone  
  127  8:41  Hydralisk Den  
  127  8:42  Ravager  
  127  8:43  Roach  
  127  8:47  Overlord  
  129  8:50  Roach x2  
  129  8:53  Roach  
  129  8:54  Roach x2  
  139  8:59  Roach x2  
  139  9:02  Overlord  
  143  9:08  Roach  
  143  9:09  Roach x3  
  148  9:12  Roach x2  
  148  9:16  Overlord  
  149  9:20  Roach x3  
  144  9:24  Roach x3  
  144  9:26  Roach  
  144  9:28  Roach  
  144  9:31  Roach  
  134  9:34  Roach x2  
  134  9:36  Roach  
  130  9:42  Roach x3  
  118  9:49  Roach, Ravager x2  
  118  9:50  Roach x2  
  118  9:51  Ravager  
  121  9:55  Roach x4  
  121  9:59  Roach x2  
  124  10:05  Roach x3  
  116  10:16  Roach x3  
Show
View Real Time Build Order
Export as new Build Order

Serral Zerg - Winner!

Build Orders: Hatch First, Zergling Baneling 

Get SALT Encoding   

  12  0:00  Drone  
  13  0:13  Overlord  
  13  0:16  Drone  
  14  0:31  Drone x2  
  16  0:47  Hatchery  
  15  0:51  Drone  
  15  0:54  Drone  
  17  0:58  Drone  
  18  1:08  Extractor  
  17  1:13  Spawning Pool  
  17  1:15  Drone  
  17  1:18  Drone  
  18  1:28  Drone  
  19  1:39  Drone  
  20  1:50  Overlord  
  20  1:59  Queen x2  
  20  2:00  Zergling x2  
  20  2:01  Zergling x2  
  26  2:08  Metabolic Boost  
  26  2:10  Zergling x2  
  26  2:13  Drone  
  28  2:22  Drone x2  
  30  2:37  Hatchery  
  30  2:39  Drone  
  30  2:41  Drone  
  31  2:46  Overlord  
  31  2:54  Drone, Baneling Nest  
  31  2:58  Drone  
  32  3:01  Drone  
  32  3:04  Drone  
  34  3:06  Drone  
  34  3:07  Drone  
  34  3:10  Zergling x2  
  34  3:12  Drone  
  38  3:14  Drone  
  38  3:17  Zergling x2  
  40  3:25  Zergling x2  
  40  3:26  Drone  
  40  3:27  Drone  
  42  3:36  Overlord  
  42  3:37  Drone  
  42  3:38  Baneling  
  42  3:40  Evolution Chamber  
  42  3:41  Drone  
  43  3:47  Overlord  
  43  3:50  Drone x3, Queen  
  43  3:54  Baneling  
  48  3:55  Drone  
  48  3:56  Drone  
  48  3:57  Zergling x2  
  48  3:59  Baneling  
  51  4:03  Zergling x4  
  51  4:07  Roach Warren  
  51  4:08  Drone  
  52  4:10  Drone  
  52  4:12  Drone  
  52  4:14  Baneling  
  53  4:17  Zergling x6  
  53  4:23  Zergling x6  
  57  4:30  Baneling x2  
  55  4:31  Drone x2  
  55  4:32  Zergling x2  
  55  4:36  Baneling  
  55  4:37  Zergling x4  
  58  4:40  Queen  
  58  4:44  Drone x2  
  58  4:45  Drone  
  61  4:46  Drone  
  61  4:47  Baneling x2  
  61  4:50  Roach  
  61  4:51  Extractor  
  63  4:54  Roach  
  64  5:01  Roach  
  64  5:03  Overlord  
  64  5:06  Baneling  
  63  5:07  Roach x2  
  63  5:12  Drone  
  65  5:20  Overlord x2  
  65  5:25  Overlord  
  65  5:28  Drone x3  
  66  5:29  Drone  
  66  5:31  Zerg Missile Weapons Level 1  
  66  5:32  Drone  
  67  5:38  Extractor  
  67  5:42  Drone  
  67  5:43  Drone  
  67  5:44  Drone x2  
  67  5:48  Lair  
  67  5:49  Overlord  
  70  5:51  Roach  
  70  5:56  Roach, Spine Crawler  
  71  5:57  Extractor  
  71  6:01  Drone x3  
  71  6:02  Extractor  
  72  6:04  Roach x2  
  72  6:06  Drone x2  
  72  6:10  Drone x2  
  80  6:14  Roach x2  
  84  6:18  Spine Crawler  
  84  6:19  Spine Crawler  
  84  6:20  Spine Crawler  
  84  6:22  Roach x4  
  90  6:27  Roach  
  90  6:28  Roach  
  90  6:30  Zergling x8  
  98  6:36  Roach  
  96  6:40  Roach x2, Zergling x2  
  96  6:41  Zergling x2  
  96  6:47  Roach x2, Zergling x6  
  96  6:51  Roach  
  92  6:55  Roach x2  
  92  7:00  Roach  
  95  7:06  Roach x3  
  95  7:07  Baneling x2  
  95  7:08  Queen  
  101  7:12  Glial Reconstitution  
  101  7:14  Overlord  
  103  7:24  Roach  
  103  7:25  Overlord  
  103  7:28  Overlord  
  104  7:31  Overlord  
  104  7:34  Roach x2, Zergling x6  
  103  7:40  Roach x4  
  103  7:44  Queen  
  105  7:49  Roach x3  
  101  7:53  Zerg Missile Weapons Level 2  
  101  8:01  Roach x3  
  107  8:07  Overseer  
  107  8:12  Extractor  
  103  8:20  Roach  
  103  8:21  Roach x5  
  115  8:27  Overlord  
  115  8:31  Overlord  
  115  8:32  Roach  
  115  8:33  Roach x2  
  121  8:39  Ravager  
  121  8:40  Ravager x2  
  124  8:44  Roach x3  
  130  8:50  Roach x2  
  130  8:51  Roach, Zergling x4  
  136  8:57  Roach x4  
  136  9:01  Overlord  
  144  9:03  Overlord  
  144  9:05  Roach x3  
  150  9:13  Roach  
  152  9:20  Roach x4  
  144  9:27  Roach x3  
  132  9:32  Roach x4  
  132  9:38  Roach x3  
  132  9:44  Roach x2, Zergling x4  
  134  9:52  Roach x3  
  140  9:56  Roach x2  
  140  10:01  Roach x2  
  142  10:11  Roach x5  
Tags
 
Add a new tag
Caveats
  • Supply blocks, unpowered buildings, or Contaminate may cause inaccurate times.
  • Supply counts are checked every 10 seconds.